 Dungeon Crawl Stone Soup version 0.13.0-21-ge43020b (webtiles) character file.

493 Malachi the Chucker (level 6, -14/59 HPs)
             Began as an Ogre Hunter on Oct 26, 2013.
             Killed from afar by Dowan (15 damage)
             ... with a stone arrow
             ... on Level 4 of the Dungeon.
             The game lasted 00:06:33 (3734 turns).

Malachi the Chucker (Ogre Hunter)                   Turns: 3734, Time: 00:06:33

HP -14/59        AC  3     Str 20      XL: 6   Next: 57%
MP   5/5         EV  8     Int 10      God:
Gold 150         SH 16     Dex 10      Spells:  0 memorised,  5 levels left

Res.Fire  : . . .   See Invis. : .   D - -1,+1 orc flail
Res.Cold  : . . .   Warding    : .   d - +0 animal skin
Life Prot.: . . .   Conserve   : .   j - +0 shield
Res.Poison: .       Res.Corr.  : .   u - +0 wizard hat
Res.Elec. : .       Clarity    : .   (no cloak)
Sust.Abil.: . .     Spirit.Shd : .   (gloves unavailable)
Res.Mut.  : .       Stasis     : .   (boots unavailable)
Res.Rott. : .       Flight     : +   (no amulet)
Saprovore : + . .                    (no ring)
                                     (no ring)

@: flying, slowed, very slow, slightly resistant to hostile enchantments,
unstealthy
A: unfitting armour, fast metabolism 1, saprovore 1, tough skin 1
a: no special abilities


You were on level 4 of the Dungeon.
You were not hungry.

You visited 1 branch of the dungeon, and saw 4 of its levels.

You collected 130 gold pieces.

Inventory:

Hand weapons
 a - a +1,+1 club {=f}
 i - a +4,+0 sling of frost
 D - a -1,+1 orcish flail (weapon)
Missiles
 w - 15 stones (quivered)
Armour
 d - a +0 animal skin (worn)
 j - a +0 shield (worn)
 u - a +0 wizard hat (worn)
Magical devices
 t - a wand of digging (11) {unknown}
Comestibles
 f - 3 meat rations
 g - 3 bread rations
 n - a pear
 C - 6 chunks of orc flesh
 E - a chunk of giant newt flesh
Scrolls
 e - 5 scrolls of identify
 h - a scroll of remove curse
 k - a scroll of magic mapping {unknown}
 l - a scroll of amnesia {unknown}
 m - 2 scrolls of curse armour {unknown}
 p - a scroll of fear {unknown}
 q - a scroll of teleportation {unknown}
 x - a scroll of enchant weapon I {unknown}
 y - a scroll of blinking {unknown}
 z - a scroll of curse weapon {unknown}
 F - a scroll of random uselessness {unknown}
Potions
 o - 2 potions of agility
 r - 2 potions of curing
 s - a potion of flight
 v - a potion of confusion {unknown}
 A - a potion of speed {unknown}


   Skills:
 + Level 3.1 Fighting
 + Level 2.2 Maces & Flails
 + Level 6.0 Throwing
 + Level 4.1 Dodging
 - Level 0.7 Stealth
 + Level 2.0 Shields


You had 5 spell levels left.
You didn't know any spells.

Dungeon Overview and Level Annotations

Branches:
Dungeon (4/27)
 Temple: D:4-7

Altars:

Annotations:
D:4 Dowan


Innate Abilities, Weirdness & Mutations

You are too large for most types of armour.
You have a fast metabolism.
You can tolerate rotten meat.
You have tough skin (AC +1).


Message History

Okay, then.
Evoke which item? (* to show all) (? for menu, Esc to quit)
Zapping:
t - an encrusted lead wand
Press: ? - help, Shift-Dir - straight line, f/p - Dowan
Aim: Dowan, wielding an elven short sword, wearing a glowing elven robe and carrying a wand of magic darts {zapped: 3} (moderately wounded, moving very quickly) Nothing appears to happen.
You block Dowan's attack.
Dowan zaps a wand.
The magic dart hits you!
* * * LOW HITPOINT WARNING * * *
You sock Dowan!
Dowan is severely wounded.
Dowan zaps a wand.
The magic dart hits you!
* * * LOW HITPOINT WARNING * * *
Dowan hits you but does no damage. Dowan closely misses you.
Drink which item? (? for menu, Esc to quit)
You feel very buoyant.
You fly up into the air.
It was a potion of flight.
Dowan shakes with grief.
Dowan gestures at you while chanting. The stone arrow hits you!
You die...

##############
.......%........
..................
...................
.....(....=.........
.......e..............
........@.............
......................
......................
.............<........
######################


You could see Dowan.

Vanquished Creatures
  Duvessa (D:4)
  An orc priest (D:3)
  2 orc wizards (D:3)
  A gnoll (D:1)
  8 adders
  A giant mite (D:3)
  A worm (D:2)
  A giant gecko (D:2)
  2 oozes
  15 orcs (D:3)
  7 bats
  7 goblins
  11 hobgoblins
  7 kobolds
  3 quokkas
  3 giant cockroaches (D:3)
  6 giant newts
  5 rats
82 creatures vanquished.

Notes
Turn   | Place    | Note
--------------------------------------------------------------
     0 | D:1      | Malachi, the Ogre Hunter, began the quest for the Orb.
     0 | D:1      | Reached XP level 1. HP: 20/20 MP: 0/0
   227 | D:1      | Reached skill level 5 in Throwing
   227 | D:1      | Reached XP level 2. HP: 18/28 MP: 1/1
   755 | D:1      | Reached XP level 3. HP: 21/35 MP: 2/2
  1541 | D:2      | Reached XP level 4. HP: 27/44 MP: 3/3
  2067 | D:3      | Reached XP level 5. HP: 50/50 MP: 4/4
  2319 | D:3      | Reached skill level 1 in Shields
  3125 | D:3      | Reached XP level 6. HP: 53/59 MP: 5/5
  3718 | D:4      | Noticed Duvessa
  3720 | D:4      | Noticed Dowan
  3724 | D:4      | Killed Duvessa
  3724 | D:4      | Reached skill level 6 in Throwing
  3733 | D:4      | HP: 1/59 [Dowan/wand of magic darts (5)]
  3734 | D:4      | Killed from afar by Dowan

Action                   |  1- 3 |  4- 6 || total
-------------------------+-------+-------++-------
Melee: Club              |    86 |   198 ||   284
       Flail             |       |     4 ||     4
Throw: Large rock        |     8 |    39 ||    47
       Throwing net      |       |     4 ||     4
Evoke: Wand              |       |     1 ||     1
  Use: Potion            |     1 |     1 ||     2
       Scroll            |       |     2 ||     2
 Stab: Held in net/web   |       |     1 ||     1
       Sleeping          |       |     1 ||     1
